 Dungeon Crawl Stone Soup version 0.17-a0-957-ga3519be (webtiles) character file.

847771 Gruud the Spellbinder (level 27, -1/222 HPs)
             Began as a Demonspawn Ice Elementalist on Apr 30, 2015.
             Was the Champion of Makhleb.
             Slain by an eidolon (3 damage)
             ... on level 11 of a ziggurat on May 7, 2015.
             The game lasted 13:20:56 (78262 turns).

Gruud the Spellbinder (DsIE)                       Turns: 78262, Time: 13:20:56

Health: -1/222     AC: 33    Str: 10    XL:     27
Magic:  0/38       EV: 33    Int: 19    God:    Makhleb [******]
Gold:   8802       SH:  0    Dex: 26    Spells: 15 memorised, 4 levels left

rFire  + + +     SeeInvis +       - Unarmed
rCold  + + .     Clarity  +     J - +4 troll leather armour of the Nine Mice {rC+ Regen+}
rNeg   + + .     SustAb   .     (no shield)
rPois  .         Gourm    .     y - +0 helmet "Muxoekh" {rF+ Str+3}
rElec  +         Spirit   +     U - +2 cloak {MR+}
rCorr  .         Warding  .     (gloves unavailable)
rMut   .         Stasis   .     n - +2 pair of boots
MR     +++..                    i - amulet "Qyilebami" {Clar MP-9 Dex+2 SInv}
Stlth  ++........               P - ring "Umutux" {rF+ rN+}
                                w - ring of Liohoall {rF+ rN+ Int-2}

@: icy armour, afraid, very slightly contaminated, repel missiles, drained,
extremely resistant to hostile enchantments, unstealthy
A: claws 3, thin metallic scales 3, breathe flames 1, cold resistance 1, demonic
guardian 3, high mp 1, passive freeze, screaming 1, wild magic 1, evolution 1,
magic shield, magic regeneration, magic link, freezing cloud immunity
a: Minor Destruction, Lesser Servant of Makhleb, Major Destruction, Greater
Servant of Makhleb, Renounce Religion, Breathe Fire
}: 6/15 runes: decaying, serpentine, slimy, silver, abyssal, dark


You were on level 11 of a ziggurat.
You worshipped Makhleb.
Makhleb was exalted by your worship.
You were not hungry.

You visited 12 branches of the dungeon, and saw 63 of its levels.
You visited Pandemonium 1 time, and saw 10 of its levels.
You visited the Abyss 1 time.
You visited 2 bazaars.
You visited 2 ziggurats, and saw 20 of their levels (deepest: 11).
You also visited: Ice Cave and Wizlab.

You collected 14349 gold pieces.
You spent 5493 gold pieces at shops.

Inventory:

Armour
 n - a +2 pair of boots (worn)
 y - the +0 helmet "Muxoekh" (worn) {rF+ Str+3}
   (You found it on level 6 of the Pits of Slime)

   It affects your strength (+3).
   It protects you from fire.
 J - the +4 troll leather armour of the Nine Mice (worn) {rC+ Regen+}
   (You bought it in a shop in a bazaar)

   It protects you from cold.
   It increases your rate of regeneration.
 L - the +4 dragonskin cloak
   (You took it off Tiamat on level 1 of the Realm of Zot)
 U - a +2 cloak of magic resistance (worn)
Jewellery
 i - the amulet "Qyilebami" (around neck) {Clar MP-9 Dex+2 SInv}
   (You bought it in a shop on level 4 of the Orcish Mines)

   [amulet of clarity]

   It provides mental clarity.
   It affects your dexterity (+2).
   It affects your magic capacity (-9).
   It enhances your eyesight.
 p - an uncursed ring of see invisible
 w - the ring of Liohoall (left claw) {rF+ rN+ Int-2}
   (You took it off a frost giant on level 5 of the Vaults)

   [ring of intelligence]

   It affects your intelligence (-2).
   It protects you from fire.
   It protects you from negative energy.
 N - the ring "Begg" {rElec MR+}
   (You found it on level 2 of the Crypt)

   [ring of protection from magic]

   It insulates you from electricity.
   It affects your resistance to hostile enchantments.
 O - an uncursed ring of poison resistance
 P - the ring "Umutux" (right claw) {rF+ rN+}
   (You found it in Pandemonium)

   [ring of positive energy]

   It protects you from fire.
   It protects you from negative energy.
 S - an uncursed amulet of resist corrosion
 Z - the amulet "Ygaybb" {Ward rC+ rN+ MP+9 Int-4 Stlth+}
   (You found it on level 3 of the Crypt)

   [amulet of warding]

   It may prevent the melee attacks of summoned creatures.
   It affects your intelligence (-4).
   It protects you from cold.
   It protects you from negative energy.
   It affects your magic capacity (+9).
   It makes you more stealthy.
Magical devices
 b - a wand of teleportation (4)
 o - a wand of disintegration (4)
 x - a wand of digging (5)
 D - a wand of heal wounds (4)
 E - a wand of invisibility (3)
 M - a wand of hasting (5)
 T - a wand of teleportation (3)
Scrolls
 d - 15 scrolls of fog
 f - 2 scrolls of summoning
 g - 14 scrolls of teleportation
 l - 8 scrolls of amnesia
 u - 10 scrolls of blinking
 z - 9 scrolls of enchant armour
 A - 41 scrolls of remove curse
 F - 12 scrolls of fear
 G - 5 scrolls of magic mapping
 Q - 6 scrolls of vulnerability
 R - 28 scrolls of identify
 V - 3 scrolls of silence
 X - 14 scrolls of recharging
Potions
 a - 4 potions of cancellation
 h - a potion of experience
 k - 31 potions of curing
 q - 2 potions of magic
 s - 3 potions of might
 t - 4 potions of agility
 B - 6 potions of cure mutation
 C - 3 potions of resistance
 H - 2 potions of haste
 I - 9 potions of brilliance
 W - 4 potions of heal wounds
Books
 e - a book of Ice

   Spells                             Type                      Level
   a - Ice Form                       Ice/Transmutation            4
   b - Metabolic Englaciation         Hexes/Ice                    5
   c - Ozocubu's Refrigeration        Ice                          6
   d - Bolt of Cold                   Conjuration/Ice              6
   e - Freezing Cloud                 Conjuration/Ice/Air          6
   f - Simulacrum                     Ice/Necromancy               6
 j - a book of Enchantments

   Spells                             Type                      Level
   a - Cause Fear                     Hexes                        4
   b - Silence                        Hexes/Air                    5
   c - Deflect Missiles               Charms/Air                   6
   d - Haste                          Charms                       6
   e - Discord                        Hexes                        8
Miscellaneous
 K - a legendary deck of defence {the Helm}
Comestibles
 c - 32 bread rations
 m - 41 meat rations
 r - 22 fruits


   Skills:
 - Level 19.2(19.1) Fighting
 - Level 11.6 Armour
 - Level 20.0(19.9) Dodging
 - Level 1.7 Stealth
 - Level 24.1 Unarmed Combat
 - Level 15.8(15.7) Spellcasting
   Level 1.0(0.9) Conjurations
 O Level 27(26.9) Hexes
 * Level 14.6(14.5) Charms
 - Level 11.0 Ice Magic
 - Level 10.2(10.1) Invocations


You had 4 spell levels left.
You knew the following spells:

 Your Spells              Type           Power        Failure   Level  Hunger
a - Metabolic Englaciati  Hex/Ice        #######...   1%          5    ###....
b - Discord               Hex            ########..   4%          8    #######
c - Ozocubu's Armour      Chrm/Ice       #######.     1%          3    None
d - Repel Missiles        Chrm/Air       ######       2%          2    None
e - Blink                 Tloc           N/A          19%         2    None
f - Control Teleport      Chrm/Tloc      ######....   7%          4    None
g - Invisibility          Hex            ########     1%          6    #####..
h - Summon Butterflies    Summ           ###.....     16%         1    None
i - Apportation           Tloc           ###.......   16%         1    None
j - Swiftness             Chrm/Air       ######..     2%          2    None
k - Flight                Chrm/Air       ######....   3%          3    None
l - Regeneration          Chrm/Necr      ######....   3%          3    None
m - Cure Poison           Pois           ###.......   19%         2    None
n - Haste                 Chrm           #######.     5%          6    #####..
o - Silence               Hex/Air        #######...   3%          5    ###....


Dungeon Overview and Level Annotations

Branches:
Dungeon (15/15)              Lair (8/8) D:9           Swamp (4/4) Lair:3
  Snake (4/4) Lair:3        Slime (6/6) Lair:6          Orc (4/4) D:12
    Elf (3/3) Orc:3        Vaults (5/5) D:14          Crypt (3/3) Vaults:3
   Tomb (0/3) Crypt:3      Depths (5/5) D:15           Hell (1/1)
    Dis (0/7) Hell            Geh (0/7) Hell            Coc (0/7) Hell
    Tar (0/7) Hell            Zot (5/5) Depths:5
 Temple: D:4-7

Altars:
Dithmenos
Elyvilon
Kikubaaqudgha
Makhleb
Okawaru
Ru
Sif Muna
Vehumet
Yredelemnul
Zin
The Shining One
Jiyva

Shops:
D:8 *   Orc:2 [   Orc:4 !=(!   Snake:4 *   Vaults:2 *   Vaults:4 ?
Depths:2 *[!%

Portals:
Hell: Depths:1 Depths:2 Depths:3 Depths:4 Depths:5
Abyss: Depths:2 Depths:3 Depths:4
Pandemonium: Depths:2 Depths:3

Annotations:
D:3 hornqvist's ghost, average FoFi
D:8 Maurice
Swamp:4 Ice end
Depths:4 3 runed doors
Zot:1 exclusion: 3 oklob plants
Zot:4 Deflect Missiles book


Innate Abilities, Weirdness & Mutations

You have claws for hands.
You are completely covered in thin metallic scales (AC +4, rElec).
Your flesh is cold resistant.
A powerful demonic guardian rushes to your aid.
A frigid envelope surrounds you and freezes all who hurt you.
When hurt, damage is shared between your health and your magic reserves.
You regenerate magic rapidly.
When low on magic, you restore magic in place of health.
You are immune to freezing clouds.
You can breathe flames.
You have an increased reservoir of magic (+10% MP).
You occasionally shout uncontrollably at your foes.
Your spells are a little harder to cast, but a little more powerful.
You evolve.


Message History

The poison arrow hits the vampire knight.
The vampire knight partially resists.
Unknown command.
You completely miss the ancient lich.
The ancient lich is moderately damaged.
You feel yourself slow down.
The phantasmal warrior blinks!
The ancient champion points at you and mumbles some strange words.
The stone arrow hits you! The wraith closely misses you.
Your balrug barely misses the eidolon.
Unknown command.
Unknown command.
You claw the ancient lich! You claw the ancient lich!!
The ancient lich is heavily damaged.
The ancient lich casts a spell at you. The crystal spear hits you!
* * * LOW HITPOINT WARNING * * *
The ancient champion closely misses you.
The eidolon hits you.
You die...

▓▓▓▓▓▓▓▓▓
▓.........
▓..........
▓▓▓▓▓▓Z...§.....
▓..W.zV1§....V..
▓.2W@LV§§.......
▓..WzzW2∩§......
▓.2.WW.§§§......
▓.........≈≈≈.W.
▓∩........≈8≈...
▓.........≈≈≈...
▓...............
▓...............
▓...............


You could see an ancient lich, an Ice Fiend, 2 vampire knights, 2 eidola, 3
ancient champions, a shadow wraith (invisible), 2 phantasmal warriors, a wraith,
a human zombie, a friendly reaper, a friendly balrug and a friendly green death.

Vanquished Creatures
  Gloorx Vloq (Pan)
  4 ancient liches
  Tiamat (Zot:1)
  2 orbs of fire
  Norris (Elf:3)
  Vashnia (Snake:3)
  6 Killer Klowns
  2 curse toes
  The ghost of MordorOrchid the Severer, a great DsGl of Qazlal (Hell)
  Geryon (Hell)
  4 golden dragons
  Nikola (Vaults:2)
  A profane servitor (Crypt:3)
  2 bone dragons
  2 electric golems
  7 pandemonium lords
  4 liches
  5 Brimstone Fiends (Pan)
  14 tentacled monstrosities
  2 Ice Fiends
  2 Hell Sentinels (Pan)
  Rupert (Orc:2)
  The ghost of ImmaFairy the Warrior, a mighty FoBe of Trog (Snake:3)
  23 Orb Guardians (Zot:5)
  Asterion (Depths:3)
  4 deep elf blademasters (Elf:3)
  4 titans
  A quicksilver dragon (shapeshifter) (Zig:8)
  17 acid blobs
  The ghost of namelastname112 the Stormcaller, a mighty DrGl of Gozag (Snake:3)
  11 Shadow Fiends
  2 tentacled starspawn (Abyss:3)
  2 deep elf master archers (Elf:3)
  3 sphinxes
  4 ancient champions
  35 Executioners
  4 warmongers (Pan)
  17 storm dragons
  Frances (D:13)
  6 tengu reavers
  5 revenants
  5 shadow dragons
  8 fire giants
  11 azure jellies
  17 greater nagas
  7 draconian monks
  The ghost of RobertPalmer the Warrior, a mighty VSTm of Makhleb (Swamp:1)
  Donald (Snake:1)
  3 orc warlords
  5 draconian scorchers
  8 deep elf sorcerers
  Maud (Lair:5)
  A frost giant (shapeshifter) (Zig:7)
  A ghost moth (Zot:2)
  2 iron dragons (Vaults:5)
  4 cacodemons (Pan)
  5 draconian knights
  4 draconian zealots
  22 vault wardens
  14 balrugs
  6 curse skulls
  11 frost giants
  15 reapers
  3 war gargoyles (Vaults:5)
  2 caustic shrike zombies (Depths:3)
  6 draconian shifters
  An angel (Pan)
  5 ghouls
  4 spriggan defenders
  8 ironheart preservers
  5 draconian annihilators
  3 blood saints (Pan)
  23 stone giants
  2 salamander firebrands (Hell)
  A caustic shrike skeleton (Depths:3)
  11 very ugly things
  7 black draconians
  5 chaos champions
  2 deep elf demonologists
  4 vampire knights
  4 draconian callers
  9 rakshasas
  5 green draconians
  9 lorocyprocas
  A spellforged servitor (Crypt:3)
  A spectral titan (Crypt:3)
  3 black suns (Pan)
  9 yellow draconians
  14 purple draconians
  8 mottled draconians
  10 deep elf annihilators
  8 white draconians
  3 corrupters (Pan)
  11 blizzard demons
  7 green deaths
  9 red draconians
  14 deep elf death magi
  25 fire dragons
  9 eidola
  8 entropy weavers
  2 mummy priests (WizLab)
  12 ettins
  3 death oozes
  20 yaktaur captains
  14 vault guards
  A spectral golden dragon (Crypt:3)
  6 great orbs of eyes
  A quicksilver dragon zombie (Depths:2)
  A great orb of eyes (shapeshifter) (Abyss:3)
  8 death cobs
  21 jiangshi
  9 deep elf high priests
  18 ice dragons
  A catoblepas (shapeshifter) (Abyss:3)
  Erolcha (D:13)
  16 naga warriors
  6 anacondas
  9 hydras
  5 monstrous demonspawn
  4 spriggan air magi
  5 death knights
  6 hell beasts
  Erica (D:8)
  2 catoblepae
  16 dancing weapons (Elf:2)
  4 salamander stormcallers
  4 vampire magi
  5 hell hogs (Hell)
  An alligator (Swamp:2)
  13 ogre magi
  6 centaur warriors
  5 tengu warriors
  9 deep troll earth magi
  5 death yaks
  20 sun demons
  7 spriggan berserkers
  A shock serpent (shapeshifter) (Depths:5)
  2 titan zombies
  Urug (Lair:3)
  10 deep troll shamans
  An orc high priest (Depths:2)
  8 naga sharpshooters
  13 shock serpents
  5 hell knights
  Sonja (D:14)
  14 soul eaters
  Nergalle (D:11)
  2 storm dragon zombies
  4 salamander mystics
  11 thrashing horrors
  8 wretched stars
  16 deep elf knights
  2 titan skeletons
  An anaconda zombie (Abyss:3)
  6 ice devils
  17 shadow wraiths
  An iron troll (shapeshifter) (Zot:3)
  A fire crab (Vaults:3)
  30 skeletal warriors
  A golden dragon zombie (WizLab)
  8 iron trolls
  3 giant orange brains
  A spatial maelstrom (Abyss:3)
  3 unseen horrors
  4 flayed ghosts
  11 gelid demonspawn (Pan)
  44 starcursed masses
  2 naga ritualists (Snake:3)
  13 deep elf summoners
  2 spriggan druids
  9 hill giants
  5 wizards
  2 storm dragon skeletons
  7 shadow demons (Pan)
  2 ice statues
  4 shambling mangroves
  10 orc knights
  2 sphinx zombies
  An unseen horror (shapeshifter) (Vaults:4)
  3 obsidian statues
  5 putrid demonspawn (Pan)
  30 deep trolls
  4 swamp dragons
  Pikel (D:7)
  13 torturous demonspawn
  2 anaconda skeletons
  4 phantasmal warriors
  A lindwurm (Lair:7)
  3 tengu zombies
  2 golden dragon skeletons
  4 infernal demonspawn (Pan)
  A lindwurm (shapeshifter) (Vaults:3)
  17 oklob plants
  9 deep elf conjurers
  9 necromancers
  4 griffons
  56 ugly things
  A frost giant zombie (Crypt:3)
  2 iron dragon zombies
  13 ironbrand convokers
  A glowing shapeshifter (Zig:8)
  2 tengu skeletons (Depths:3)
  9 wolf spiders
  3 shadow dragon skeletons
  7 salamanders
  3 fire giant zombies
  3 orc sorcerers
  A sphinx skeleton (Depths:4)
  4 hornets
  10 cyclopes
  A manticore (D:13)
  2 shining eyes (Slime:4)
  26 naga magi
  An elephant (Depths:3)
  5 rust devils
  25 smoke demons
  A human skeleton (Vaults:5)
  A worldbinder (Abyss:3)
  4 mana vipers
  4 fire giant skeletons
  2 elephants (shapeshifter)
  3 frost giant skeletons
  22 moths of wrath
  15 sixfirhies
  2 elf zombies
  25 black mambas
  A black mamba (shapeshifter) (Depths:3)
  20 guardian serpents
  13 orange demons (Pan)
  3 torpor snails
  3 apocalypse crabs
  8 vault sentinels
  An orange crystal statue (D:14)
  An eye of devastation (Slime:6)
  A centaur skeleton (D:15)
  17 spiny frogs
  A yellow draconian zombie (Zot:3)
  A queen ant (Lair:1)
  10 demonic crawlers (Pan)
  2 kobold demonologists
  A dire elephant skeleton (Hell)
  2 spriggan skeletons (Depths:4)
  5 gargoyles
  6 tormentors
  An elf (Depths:2)
  23 hellwings (Pan)
  3 komodo dragons
  An elf skeleton (Depths:4)
  50 yaktaurs
  2 guardian mummies (WizLab)
  An elf (shapeshifter) (Depths:1)
  4 fire drakes
  29 red devils
  16 deep elf priests
  A jumping spider (shapeshifter) (Vaults:2)
  A minotaur zombie (Crypt:2)
  A fire drake (shapeshifter) (D:15)
  13 freezing wraiths
  9 trolls
  5 ancient zymes
  12 polar bears
  2 efreet
  22 two-headed ogres
  A tengu conjurer (Depths:2)
  4 hydra zombies (Hell)
  2 wandering mushrooms (Zot:5)
  4 giant leeches
  3 jumping spiders
  11 blue devils
  14 ravens
  A sphinx simulacrum (Depths:3)
  A hornet zombie (D:15)
  7 boulder beetles
  A fire dragon zombie (Pan)
  2 bog bodies
  A frost giant simulacrum (Depths:2)
  A tengu simulacrum (Depths:3)
  62 large abominations
  An ettin zombie (Vaults:5)
  An ice dragon zombie (WizLab)
  A guardian serpent zombie (Crypt:1)
  12 blink frogs
  3 hydra skeletons
  57 flying skulls
  143 slime creatures
  2 ettin skeletons
  A trapdoor spider (Zig:2)
  An alligator zombie (Crypt:1)
  11 ynoxinuls
  21 small abominations
  9 shadows
  8 wraiths
  A water elemental (Hell)
  11 raiju (Abyss:3)
  2 tarantellas
  2 humans (Depths:2)
  4 wyverns
  25 redbacks
  An air elemental (Depths:2)
  25 deep elf magi
  11 spriggans
  A spriggan (shapeshifter) (Vaults:3)
  2 basilisks
  64 yaks
  20 deep elf fighters
  A spriggan simulacrum (Depths:3)
  8 vampires
  5 hungry ghosts
  2 ice dragon skeletons
  10 golden eyes
  5 swamp worm simulacra (Swamp:4)
  8 chaos spawn
  2 hogs (shapeshifter)
  41 vampire mosquitoes
  41 wolves
  2 human simulacra
  5 hippogriffs
  2 spatial vortices (Abyss:3)
  A yaktaur simulacrum (Vaults:5)
  7 insubstantial wisps
  3 fire elementals (Hell)
  46 nagas
  14 hydra simulacra (Swamp:4)
  4 mottled dragons
  12 wargs
  A water nymph zombie (Crypt:1)
  20 soldier ants (Lair:1)
  A spiny frog zombie (Hell)
  14 neqoxecs
  21 swamp worms
  35 orc warriors
  9 porcupines
  3 hell hounds (Abyss:3)
  19 water moccasins
  7 ice beasts
  A trapdoor spider simulacrum (D:12)
  A black bear (Lair:4)
  2 ettin simulacra
  8 swamp drakes
  An elf simulacrum (Depths:4)
  5 sky beasts
  A boggart (Depths:2)
  6 spiders (Lair:8)
  A spiny frog skeleton (Hell)
  A black bear (shapeshifter) (Abyss:3)
  7 necrophages
  14 wasps
  3 phantoms
  2 removed
  MONS_BORING_BEETLEs (Lair:8)
  5 eyes of draining
  52 ogres
  6 centaurs
  A manticore skeleton (Pan)
  An anubis guard skeleton (Crypt:2)
  13 crocodiles
  15 giant frogs
  2 brain worms
  A komodo dragon zombie (Crypt:2)
  A fire drake zombie (Crypt:1)
  5 big kobolds
  16 jellies
  2 wyvern skeletons
  A spider zombie (Crypt:1)
  2 spectral wargs (Depths:2)
  2 water moccasin skeletons
  3 killer bees (D:13)
  5 scorpions
  A troll skeleton (Crypt:2)
  4 wights (D:10)
  4 centaur zombies
  A hippogriff skeleton (Crypt:1)
  A wasp zombie (D:6)
  7 electric eels
  22 orc priests
  8 crimson imps
  A giant frog zombie (D:13)
  3 quasits
  Ijyb (D:2)
  3 giant frog skeletons
  6 hounds
  4 iron imps
  A gnoll shaman (D:5)
  2 iguanas
  27 worker ants
  38 orc wizards
  A killer bee zombie (Crypt:2)
  A lightning spire (Zig:9)
  30 sheep
  2 giant frog simulacra (D:12)
  A deep dwarf skeleton (Crypt:2)
  A dwarf skeleton (Crypt:2)
  A centaur simulacrum (D:12)
  2 hound zombies
  86 river rats
  3 gnolls
  32 adders
  A white imp (D:12)
  3 shadow imps
  11 ufetubi
  3 swamp drake simulacra (Swamp:4)
  2 adder zombies (D:4)
  An adder skeleton (D:6)
  2 worms
  158 orcs
  3 ball pythons
  20 bats
  A bat skeleton (D:4)
  2 bat zombies
  13 goblins
  17 hobgoblins
  14 jackals
  2 quokkas
  4 giant cockroaches
  2 giant cockroach zombies
  6 giant geckos
  A giant gecko skeleton (D:5)
  A giant gecko zombie (Crypt:2)
  2 giant newts
  A giant spore (D:9)
  A jackal skeleton (Crypt:2)
  35 kobolds
  A lurking horror (Abyss:3)
  11 rats
  3 ballistomycetes (D:9)
  4 fungi
  3 plants
  3 starspawn tentacles (Abyss:3)
3548 creatures vanquished.

Vanquished Creatures (collateral kills)
  the royal jelly (Slime:6)
  2 pandemonium lords (Pan)
  3 ancient liches
  An orb of fire (Zot:5)
  Mara (Vaults:2)
  A golden dragon (Zot:3)
  A lich (Abyss:3)
  Jorgrun (Vaults:4)
  A tentacled monstrosity (Zot:3)
  2 Orb Guardians (Zot:5)
  A titan (Vaults:5)
  3 Executioners
  A Shadow Fiend (Zig:7)
  3 acid blobs
  2 storm dragons
  2 tentacled starspawn (Abyss:3)
  3 azure jellies
  A sphinx (Vaults:4)
  An ancient champion (Vaults:2)
  Agnes (Vaults:2)
  A greater naga (Snake:2)
  A draconian monk (Zot:1)
  3 tengu reavers
  A frost giant (Vaults:5)
  A fire giant (Vaults:5)
  An orc warlord (Zig:5)
  2 draconian knights
  A cacodemon (Vaults:5)
  An iron dragon (Zig:8)
  A draconian scorcher (Zig:10)
  Aizul (Depths:2)
  Louise (Vaults:2)
  2 deep elf sorcerers (Pan)
  7 vault wardens
  2 draconian shifters
  2 balrugs
  An angel (Abyss:3)
  10 ironheart preservers
  A vampire knight (Vaults:2)
  A draconian zealot (Zig:6)
  A spriggan defender (Depths:3)
  3 draconian annihilators
  A very ugly thing (Depths:2)
  A caustic shrike skeleton (Zig:5)
  4 reapers
  A stone giant (Vaults:4)
  3 green draconians
  A mottled draconian (Zig:6)
  4 purple draconians
  A white draconian (Zig:6)
  2 red draconians
  A yellow draconian (Zig:6)
  A black sun (Pan)
  An eidolon (Zig:3)
  2 chaos champions
  An ettin (Zig:8)
  2 deep elf death magi (Elf:3)
  23 vault guards
  A death ooze (Slime:6)
  2 jiangshi (Crypt:3)
  2 green deaths
  3 blizzard demons
  2 fire dragons
  3 hydras
  3 great orbs of eyes
  A deep elf high priest (Pan)
  2 naga warriors
  A ghost crab (shapeshifter) (Vaults:5)
  An ice dragon (Zot:1)
  An anaconda (shapeshifter) (Zig:7)
  4 ogre magi
  2 vampire magi
  2 deep troll shamans
  A tengu warrior (Depths:2)
  2 naga sharpshooters
  2 hell beasts
  A deep troll earth mage (Depths:2)
  6 thrashing horrors (Abyss:3)
  A hell hog (Hell)
  2 deep elf knights (Vaults:2)
  A wretched star (Abyss:3)
  A skeletal warrior (Crypt:3)
  2 spatial maelstroms (Abyss:3)
  A death drake (Zig:9)
  A fire crab (shapeshifter) (Vaults:1)
  3 sun demons
  An iron troll (Zig:5)
  A swamp dragon (Swamp:1)
  A naga ritualist (Snake:1)
  2 gelid demonspawn (Pan)
  12 deep trolls
  A deep elf summoner (Elf:3)
  A giant orange brain (Abyss:3)
  An ice statue (IceCv)
  2 hill giants
  2 shadow demons (Pan)
  An ironbrand convoker (Vaults:5)
  An orc knight (Vaults:2)
  2 oklob plants
  3 cyclopes
  11 ugly things
  A moth of wrath (shapeshifter) (Zig:7)
  A manticore (shapeshifter) (Vaults:5)
  2 shining eyes
  A centaur zombie (D:13)
  3 guardian serpents
  3 sixfirhies (Pan)
  4 vault sentinels
  2 black mambas
  A naga mage (Snake:3)
  2 orange demons (Pan)
  A gargoyle (D:13)
  4 smoke demons
  2 centaur skeletons (D:10)
  A rust devil (Abyss:3)
  A spiny frog (Lair:6)
  A tormentor (Pan)
  2 hellions
  A komodo dragon (shapeshifter) (Zig:7)
  2 freezing wraiths
  3 trolls
  A kobold demonologist (D:13)
  A deep elf priest (Zig:9)
  3 wandering mushrooms (Zot:5)
  5 hellwings (Pan)
  13 yaktaurs
  4 red devils (Pan)
  A polar bear (IceCv)
  3 blink frogs
  Prince Ribbit (D:5)
  A fire vortex (Zig:8)
  4 two-headed ogres
  5 slime creatures
  2 ravens (Depths:2)
  10 raiju
  A wraith (Crypt:3)
  3 yaks
  7 large abominations
  4 ynoxinuls (Pan)
  A spriggan (Lair:4)
  An air elemental (Depths:2)
  A shadow (Pan)
  3 redbacks (Depths:2)
  4 deep elf magi
  A hippogriff (Lair:3)
  A fire elemental (Hell)
  4 neqoxecs
  2 deep elf fighters (Elf:2)
  Grum (D:11)
  2 golden eyes (Slime:3)
  A chaos spawn (Zig:9)
  A hungry ghost (Zig:11)
  2 wolves (Depths:2)
  3 insubstantial wisps (Swamp:3)
  3 hell hounds
  4 nagas
  A hydra simulacrum (Swamp:4)
  A necrophage (D:5)
  5 ice beasts
  A swamp worm (Swamp:1)
  An orc warrior (Vaults:2)
  An ettin simulacrum (Pan)
  An eye of draining (D:13)
  7 ogres
  A giant frog (D:8)
  3 small abominations (Abyss:3)
  2 killer bees (D:13)
  3 crimson imps
  6 starcursed masses
  A hell rat (Elf:3)
  A jelly (Slime:6)
  An orc wizard (Zig:5)
  2 worker ants (D:5)
  A sheep (Lair:3)
  2 mummies
  2 river rats (Lair:2)
  2 white imps
  8 ufetubi (Pan)
  10 orcs
  A hobgoblin (Zig:5)
  5 kobolds
  3 goblins (Zig:5)
  A lurking horror (Zig:9)
  A quokka (D:5)
  2 bushes (Zot:1)
  2 crawling corpses (Elf:3)
  2 fungi
  A plant (Zot:1)
  A starspawn tentacle (Abyss:3)
446 creatures vanquished.

Vanquished Creatures (others)
  An eldritch tentacle (Depths:3)
  8 Executioners
  A tengu reaver (Vaults:5)
  2 draconian shifters
  A draconian zealot (Zot:3)
  A draconian knight (Zig:10)
  A warmonger (Pan)
  A ghost moth (Zot:3)
  14 balrugs
  15 cacodemons
  3 draconian scorchers
  An ettin (Vaults:5)
  2 ironheart preservers
  4 reapers
  The ghost of hyperkellhus the Devastator, a powerful GrAE of Vehumet (D:12)
  2 vampire knights
  A draconian caller (Zot:3)
  A blizzard demon (Hell)
  A yaktaur captain (Vaults:5)
  A jiangshi (Zig:9)
  5 vault guards (Vaults:5)
  A monstrous demonspawn (Pan)
  An ogre mage (Depths:1)
  A death knight (Zig:4)
  A hell beast (Hell)
  4 dancing weapons
  20 sun demons
  A thrashing horror (Zig:9)
  24 soul eaters
  27 ice devils
  11 ball lightnings (Snake:3)
  A gelid demonspawn (Pan)
  An unseen horror (Zig:9)
  3 ironbrand convokers (Vaults:5)
  A torturous demonspawn (Pan)
  A deep troll (Vaults:5)
  An infernal demonspawn (Pan)
  A salamander (Depths:1)
  A deep elf conjurer (Vaults:5)
  A cyclops (Vaults:1)
  22 sixfirhies
  36 smoke demons
  A moth of wrath (Zot:5)
  2 naga magi
  An orange demon (D:13)
  An ancient zyme (Zig:9)
  3 hellwings
  2 two-headed ogres (Depths:1)
  2 raiju (Abyss:3)
  A troll (shapeshifter) (Zig:8)
  2 fire vortices
  A yak (IceCv)
  6 neqoxecs
  2 wolves (IceCv)
  3 nagas
  A swamp drake (Zot:2)
  3 ogres (Depths:1)
  A small abomination (Abyss:3)
  2 centaurs (Depths:1)
  20 lost souls
  14 crimson imps
  17 quasits
  A starcursed mass (Abyss:3)
  An orc wizard (D:7)
  12 iron imps
  2 river rats (Lair:7)
  18 white imps
  23 ufetubi
  2 lurking horrors
  7 bushes (Zot:1)
  72 eldritch tentacle segments (Depths:3)
  10 fungi
  5 plants
  5 starspawn tentacles (Abyss:3)
  40 starspawn tentacle segments (Abyss:3)
510 creatures vanquished.

Grand Total: 4504 creatures vanquished

Notes
Turn   | Place    | Note
--------------------------------------------------------------
     0 | D:1      | Gruud, the Demonspawn Ice Elementalist, began the quest for the Orb.
     0 | D:1      | Reached XP level 1. HP: 13/13 MP: 3/3
   149 | D:1      | Reached skill level 3 in Ice Magic
   281 | D:1      | Gained mutation: You have sharp fingernails. [demonic ancestry]
   281 | D:1      | Reached XP level 2. HP: 17/19 MP: 1/5
   296 | D:1      | Learned a level 2 spell: Throw Frost
   844 | D:2      | Reached skill level 1 in Unarmed Combat
   946 | D:2      | Reached XP level 3. HP: 10/24 MP: 0/6
  1437 | D:2      | Learned a level 3 spell: Ozocubu's Armour
  1544 | D:2      | Found a deep blue altar of Sif Muna.
  1544 | D:2      | Found a basalt altar of Yredelemnul.
  1621 | D:2      | Noticed Ijyb
  1692 | D:2      | Killed Ijyb
  1692 | D:2      | Gained mutation: You are partially covered in thin metallic scales (AC +2). [demonic ancestry]
  1692 | D:2      | Reached XP level 4. HP: 7/30 MP: 1/7
  2159 | D:3      | Noticed hornqvist's ghost (average FoFi)
  2731 | D:4      | Gained mutation: You are mostly covered in thin metallic scales (AC +3). [demonic ancestry]
  2731 | D:4      | Reached XP level 5. HP: 26/35 MP: 5/8
  2791 | D:4      | Reached skill level 1 in Charms
  3310 | D:4      | Reached skill level 4 in Unarmed Combat
  3639 | D:4      | Gained mutation: A weak demonic guardian rushes to your aid. [demonic ancestry]
  3639 | D:4      | Reached XP level 6. HP: 30/41 MP: 6/9
  3876 | D:4      | Found a shadowy altar of Dithmenos.
  4031 | D:5      | Entered Level 5 of the Dungeon
  4101 | D:5      | Noticed Prince Ribbit
  4124 | D:5      | Killed Prince Ribbit
  4124 | D:5      | Reached skill level 5 in Unarmed Combat
  4124 | D:5      | Gained mutation: When hurt, damage is shared between your health and your magic reserves. [demonic ancestry]
  4124 | D:5      | Reached XP level 7. HP: 21/46 MP: 8/10
  4131 | D:5      | Claws, Magic Shield and Guardian
  4397 | D:5      | Reached skill level 6 in Unarmed Combat
  5081 | D:6      | Found a radiant altar of Vehumet.
  5108 | D:6      | Found a glowing golden altar of the Shining One.
  5209 | D:6      | Reached XP level 8. HP: 52/52 MP: 7/11
  5366 | D:6      | Reached skill level 7 in Unarmed Combat
  6042 | D:7      | Noticed Pikel
  6066 | D:7      | Killed Pikel
  6066 | D:7      | Reached skill level 8 in Unarmed Combat
  6066 | D:7      | Reached skill level 5 in Charms
  6143 | D:7      | Found a sacrificial altar of Ru.
  6143 | D:7      | Found a white marble altar of Elyvilon.
  6402 | D:7      | Found a burning altar of Makhleb.
  6417 | D:7      | Became a worshipper of Makhleb the Destroyer
  6595 | D:7      | Reached XP level 9. HP: 52/57 MP: 12/12
  6805 | D:8      | Found an iron altar of Okawaru.
  6805 | D:8      | Noticed Erica
  6822 | D:8      | Killed Erica
  6822 | D:8      | Reached skill level 9 in Unarmed Combat
  6905 | D:8      | Found Wecoim's General Store.
  6910 | D:8      | Bought a book of Minor Magic for 260 gold pieces
  6913 | D:8      | Learned a level 2 spell: Repel Missiles
  6917 | D:8      | Learned a level 2 spell: Blink
  7108 | D:8      | Noticed Maurice
  7253 | D:8      | Noticed an ice statue
  7369 | D:8      | Reached skill level 10 in Unarmed Combat
  7418 | D:8      | Reached skill level 5 in Invocations
  7776 | D:9      | Found a staircase to the Lair.
  7789 | D:9      | Acquired Makhleb's first power
  8079 | D:10     | Entered Level 10 of the Dungeon
  8141 | D:10     | Noticed a centaur skeleton
  8149 | D:10     | Killed a centaur skeleton
  8149 | D:10     | Gained mutation: You have very sharp fingernails. [demonic ancestry]
  8149 | D:10     | Reached XP level 10. HP: 61/63 MP: 10/14
  8469 | D:10     | Noticed a centaur skeleton
  8492 | D:10     | Killed a centaur skeleton
  8492 | D:10     | Reached skill level 11 in Unarmed Combat
  8502 | D:10     | Acquired Makhleb's second power
  8755 | D:10     | Killed an unseen horror
  9049 | D:11     | Noticed Grum
  9054 | D:11     | Killed Grum
  9084 | D:11     | Found a frozen archway.
  9089 | D:11     | Reached skill level 12 in Unarmed Combat
  9125 | IceCv    | Entered an ice cave
  9209 | IceCv    | Noticed an ice statue
  9215 | IceCv    | Killed an ice statue
  9215 | IceCv    | Reached XP level 11. HP: 64/68 MP: 10/17
  9370 | IceCv    | Acquired Makhleb's third power
  9478 | IceCv    | Reached skill level 13 in Unarmed Combat
  9546 | IceCv    | Noticed a death yak
  9551 | IceCv    | Noticed a death yak
  9583 | IceCv    | Noticed a death yak
  9586 | IceCv    | Killed a death yak
  9594 | IceCv    | Killed a death yak
  9594 | IceCv    | Reached skill level 5 in Dodging
  9605 | IceCv    | Killed a death yak
  9789 | IceCv    | Noticed a frost giant
  9789 | IceCv    | Noticed a death yak
  9811 | IceCv    | Killed a death yak
  9818 | IceCv    | HP: 2/68 [frost giant/bolt of cold (6)]
  9850 | IceCv    | I don't really want to mess with an Ice Giant, do i?
 10027 | D:11     | Noticed Nergalle
 10045 | D:11     | Killed Nergalle
 10045 | D:11     | Reached skill level 14 in Unarmed Combat
 10051 | D:11     | Noticed a cyclops
 10065 | D:11     | Killed a cyclops
 10195 | D:11     | Reached XP level 12. HP: 65/74 MP: 11/18
 10253 | D:11     | Noticed a cyclops
 10254 | D:11     | Noticed a cyclops
 10294 | D:11     | Killed a cyclops
 10329 | D:11     | Learned a level 2 spell: Slow
 10366 | D:11     | Killed a cyclops
 10377 | D:11     | Identified a +0 rod of inaccuracy (14/14) (You found it on level 11 of the Dungeon)
 10460 | D:11     | Acquired Makhleb's fourth power
 10477 | D:12     | Noticed hyperkellhus's ghost (powerful GrAE)
 10689 | D:12     | Killed hyperkellhus's ghost
 11284 | D:12     | Reached skill level 15 in Unarmed Combat
 11372 | D:13     | Acquired Makhleb's fifth power
 11539 | D:13     | No troll leather from first troll :(
 11833 | D:13     | No leather from troll #2 either
 11934 | D:13     | Noticed Frances
 11951 | D:13     | Killed Frances
 12067 | D:13     | Noticed Erolcha
 12084 | D:13     | Killed Erolcha
 12130 | D:13     | Gained mutation: A demonic guardian rushes to your aid. [demonic ancestry]
 12130 | D:13     | Reached XP level 13. HP: 79/79 MP: 0/19
 12447 | D:12     | Found a staircase to the Orcish Mines.
 12677 | Lair:1   | Entered Level 1 of the Lair of Beasts
 13001 | Lair:1   | Reached skill level 16 in Unarmed Combat
 14224 | Lair:2   | Identified a scroll of acquirement
 14283 | Lair:3   | Found a staircase to the Snake Pit.
 14384 | Lair:3   | Found a staircase to the Swamp.
 14594 | Lair:3   | Noticed Urug
 14608 | Lair:3   | Killed Urug
 14648 | Lair:3   | Reached skill level 10 in Dodging
 15671 | Lair:5   | Steel and Penetration jav's
 15763 | Lair:5   | Reached skill level 17 in Unarmed Combat
 15828 | Lair:5   | Identified Echer's Second Course in Thaumaturgy
 15834 | Lair:5   | Learned a level 4 spell: Control Undead
 15908 | Lair:5   | Noticed Maud
 15947 | Lair:5   | Killed Maud
 16042 | Lair:5   | Reached XP level 14. HP: 85/85 MP: 16/20
 17024 | Lair:7   | Book of ice, stick to Ice magic as utility?
 17279 | Lair:7   | Got a smoking arbalest
 17280 | Lair:7   | Identified the +1 arbalest of Midnight {freeze, Int+3} (You found it on level 7 of the Lair of Beasts)
 17913 | Lair:8   | Entered Level 8 of the Lair of Beasts
 19017 | Lair:5   | Learned a level 4 spell: Control Teleport
 19302 | Orc:1    | Entered Level 1 of the Orcish Mines
 19511 | Orc:2    | Found Ovecke's Armour Shop.
 19642 | Orc:2    | Noticed Rupert
 19652 | Orc:2    | Killed Rupert
 20294 | Orc:3    | Found a staircase to the Elven Halls.
 20706 | Orc:2    | Noticed an orc warlord
 20736 | Orc:3    | Reached skill level 18 in Unarmed Combat
 20770 | Orc:3    | Another no-leather Troll
 20770 | Orc:3    | Are they all naked in this game? :S
 20815 | Orc:4    | Entered Level 4 of the Orcish Mines
 21290 | Orc:4    | Gained mutation: You regenerate magic rapidly. [demonic ancestry]
 21290 | Orc:4    | Reached XP level 15. HP: 90/90 MP: 17/21
 21355 | Orc:4    | Found Wiej's Antique Weapon Boutique.
 21357 | Orc:4    | Found Fatig's Distillery.
 21387 | Orc:4    | Found Typrooh's Distillery.
 21395 | Orc:4    | Found Wyfa's Jewellery Boutique.
 21425 | Orc:4    | Reached skill level 5 in Ice Magic
 21484 | Orc:4    | Bought the amulet "Qyilebami" {Clar MP-9 Dex+2 SInv} for 354 gold pieces
 21501 | Orc:4    | Bought a pitted blowgun for 270 gold pieces
 21501 | Orc:4    | Identified the +4 blowgun "Qeemmo" {speed, Str+2} (You bought it in a shop on level 4 of the Orcish Mines)
 21511 | Orc:4    | Bought 2 potions of might for 112 gold pieces
 21511 | Orc:4    | Bought a potion of curing for 42 gold pieces
 21511 | Orc:4    | Bought a potion of curing for 42 gold pieces
 21511 | Orc:4    | Bought 2 potions of curing for 84 gold pieces
 21511 | Orc:4    | Bought a potion of heal wounds for 70 gold pieces
 21511 | Orc:4    | Bought a potion of curing for 42 gold pieces
 21517 | Orc:4    | Bought a potion of haste for 140 gold pieces
 21517 | Orc:4    | Bought 2 potions of agility for 112 gold pieces
 21517 | Orc:4    | Bought a potion of lignification for 42 gold pieces
 21517 | Orc:4    | Bought a potion of agility for 56 gold pieces
 21517 | Orc:4    | Bought 2 potions of curing for 84 gold pieces
 21517 | Orc:4    | Bought a potion of curing for 42 gold pieces
 21523 | Orc:4    | Bought a potion of berserk rage for 70 gold pieces
 21523 | Orc:4    | Bought a potion of berserk rage for 70 gold pieces
 21523 | Orc:4    | Bought a potion of berserk rage for 70 gold pieces
 21523 | Orc:4    | Bought a potion of berserk rage for 70 gold pieces
 21537 | Orc:4    | Stocked up on curing, buff pots + berserk, troll leather is prob. best item from orc
 21537 | Orc:4    | Really need to ID my yellow wands for charges, esp. H.W
 21811 | D:8      | Bought a potion of haste for 130 gold pieces
 21811 | D:8      | Bought a scroll of identify for 26 gold pieces
 21855 | D:8      | Killed an ice statue
 21888 | D:8      | Learned a level 4 spell: Condensation Shield
 21897 | D:8      | Upgraded the game from 0.17-a0-877-ga10078a to 0.17-a0-896-g249456b
 22040 | Swamp:1  | Entered Level 1 of the Swamp
 22141 | Swamp:1  | Noticed RobertPalmer's ghost (mighty VSTm)
 22160 | Swamp:1  | Killed RobertPalmer's ghost
 24099 | Swamp:4  | Entered Level 4 of the Swamp
 24750 | Swamp:4  | Upgraded the game from 0.17-a0-896-g249456b to 0.17-a0-910-ga669010
 25052 | Swamp:4  | Noticed an azure jelly
 25077 | Swamp:4  | Killed an azure jelly
 25225 | Swamp:4  | Gained mutation: You have claws for hands. [demonic ancestry]
 25225 | Swamp:4  | Reached XP level 16. HP: 93/96 MP: 7/23
 25237 | Swamp:4  | Got a decaying rune of Zot
 25454 | Snake:1  | Entered Level 1 of the Snake Pit
 25464 | Snake:1  | Reached skill level 10 in Invocations
 25575 | Snake:1  | Reached skill level 15 in Dodging
 25751 | Snake:1  | Noticed Donald
 25765 | Snake:1  | Killed Donald
 25771 | Snake:1  | Reached skill level 1 in Hexes
 25774 | Snake:1  | Found a sacrificial altar of Ru.
 25889 | Snake:1  | Reached skill level 1 in Armour
 26105 | Snake:1  | Reached skill level 1 in Fighting
 26545 | Snake:2  | Found a glowing silver altar of Zin.
 27573 | Snake:3  | Found a gateway to a bazaar.
 27618 | Bazaar   | Entered a bazaar
 27625 | Bazaar   | Found Milios's Antique Weapon Shoppe.
 27636 | Bazaar   | Found Dotesi's Antique Weapon Emporium.
 27652 | Bazaar   | Found Niddack's Antique Armour Shoppe.
 27663 | Bazaar   | Found Vyromp's Antique Armour Emporium.
 27668 | Bazaar   | Bought a pair of runed boots for 99 gold pieces
 27688 | Bazaar   | Bought a pair of boots for 108 gold pieces
 27728 | Bazaar   | Can't aford the cloak of the thief :(
 27877 | Snake:3  | Noticed namelastname112's ghost (mighty DrGl)
 28342 | Snake:3  | Noticed ImmaFairy's ghost (mighty FoBe)
 28399 | Snake:2  | Two "red" ghosts... Time to go deeper in the dungeon?
 28698 | D:14     | Noticed Sonja
 28732 | D:14     | Killed Sonja
 29269 | D:14     | Reached skill level 5 in Hexes
 29399 | D:14     | Found a gate to the Vaults.
 29464 | D:14     | Reached skill level 5 in Fighting
 29979 | D:15     | Entered Level 15 of the Dungeon
 30297 | D:15     | 4 cure mut, time to gamble?
 30300 | D:15     | Gained mutation: You are agile. (Dex +2) [mutagenic meat]
 30301 | D:15     | Gained mutation: You are dopey. (Int -2) [mutagenic meat]
 30302 | D:15     | Gained mutation: You are weak. (Str -2) [mutagenic meat]
 30303 | D:15     | Lost mutation: You are weak. (Str -2) [mutagenic meat]
 30304 | D:15     | +2d/-2i meh, better?
 30321 | D:15     | Gained mutation: You can spit weak poison. [mutagenic meat]
 30322 | D:15     | Gained mutation: You possess an exceptional clarity of mind. [mutagenic meat]
 30323 | D:15     | Inherent clarity, stopping at this state
 30488 | D:15     | Gained mutation: Your flesh is cold resistant. [demonic ancestry]
 30488 | D:15     | Reached XP level 17. HP: 115/115 MP: 24/24
 30489 | D:15     | Passive Freeze, cloud immunity!
 30638 | D:15     | Found a staircase to the Depths.
 30761 | Depths:1 | Entered Level 1 of the Depths
 30902 | Depths:1 | Found a gateway to Hell.
 31425 | Depths:1 | Reached skill level 10 in Ice Magic
 31554 | Depths:1 | Depths are hard, but good xp. Maybe go to early vaults instead?
 31784 | Depths:1 | Ahh, dragons and giants where from a vault?
 32019 | D:14     | Learned a level 5 spell: Metabolic Englaciation
 32022 | Vaults:1 | Entered Level 1 of the Vaults
 32053 | Vaults:1 | Found a magical portal.
 32233 | Vaults:1 | Found a flickering gateway to a bazaar.
 32288 | Bazaar   | Entered a bazaar
 32288 | Bazaar   | Found Womoroloc's Armour Shoppe.
 32288 | Bazaar   | Found Mukoutir's Armour Emporium.
 32292 | Bazaar   | Found Qiryego's Assorted Antiques.
 32303 | Bazaar   | Found Sath's Antique Armour Shoppe.
 32322 | Bazaar   | Bought the +4 troll leather armour of the Nine Mice {rC+ Regen+} for 490 gold pieces
 32333 | Bazaar   | Amazing armour
 32337 | Bazaar   | Bought a potion of might for 76 gold pieces
 32337 | Bazaar   | Bought an encrusted coral ring for 95 gold pieces
 32337 | Bazaar   | Bought an oblong leatherbound manual for 285 gold pieces
 32337 | Bazaar   | Bought a scroll of identify for 38 gold pieces
 32346 | Bazaar   | Bought a legendary deck of cards for 494 gold pieces
 32512 | WizLab   | Entered Doroklohe's Tomb
 32724 | WizLab   | Noticed an ancient lich
 32744 | WizLab   | Noticed a tentacled monstrosity
 32744 | WizLab   | Noticed a tentacled monstrosity
 32751 | WizLab   | Noticed a tentacled monstrosity
 32751 | WizLab   | Noticed a tentacled monstrosity
 32762 | WizLab   | This place was really nasty
 32762 | WizLab   | Shouldn't have opened the central room, that's what messed it up
 33580 | Vaults:1 | Reached XP level 18. HP: 90/130 MP: 14/25
 33664 | Vaults:1 | Reached skill level 10 in Hexes
 34404 | Vaults:2 | Noticed Mara
 34406 | Vaults:2 | Noticed Gruud's illusion
 34431 | Vaults:2 | Killed Mara
 34444 | Vaults:2 | Messed up that fight vs mara, should have buffed more
 34500 | Vaults:2 | Found Fust's General Store.
 34507 | Vaults:2 | Bought an ornate deck of wonders for 220 gold pieces
 34512 | Vaults:2 | Drew Focus: Dex increased to 20, Str decreased to 8
 34554 | Vaults:2 | Noticed Louise
 34569 | Vaults:2 | Killed Louise
 34578 | Vaults:2 | Noticed Agnes
 34595 | Vaults:2 | Killed Agnes
 34619 | Vaults:2 | Noticed Nikola
 34869 | Vaults:2 | Killed Nikola
 34933 | Vaults:2 | Reached skill level 10 in Fighting
 35250 | Vaults:2 | Learned a level 6 spell: Invisibility
 35641 | Vaults:3 | Reached skill level 5 in Spellcasting
 35791 | Vaults:3 | Got a slimy leather armour
 35802 | Vaults:3 | Identified the cursed +0 leather armour of the Morning {Str+7 Slay+3} (You found it on level 3 of the Vaults)
 36387 | Vaults:3 | Found a staircase to the Crypt.
 36650 | Vaults:3 | Gained mutation: You are completely covered in thin metallic scales (AC +4, rElec). [demonic ancestry]
 36650 | Vaults:3 | Reached XP level 19. HP: 144/144 MP: 18/27
 36651 | Vaults:3 | finally rElec
 37154 | Vaults:4 | Noticed Jorgrun
 37224 | Vaults:4 | 2xPetrified :S
 37410 | Vaults:4 | Killed Jorgrun
 38061 | Vaults:4 | Found Gaegrost's Magic Scroll Shoppe.
 38067 | Vaults:4 | Bought a scroll of blinking for 105 gold pieces
 38067 | Vaults:4 | Bought a scroll of identify for 28 gold pieces
 38067 | Vaults:4 | Bought a scroll of recharging for 133 gold pieces
 38156 | Vaults:4 | Paralysed by a sphinx for 4 turns
 38611 | Vaults:4 | Upgraded the game from 0.17-a0-910-ga669010 to 0.17-a0-913-g36eb389
 39119 | Depths:2 | Noticed Aizul
 39134 | Depths:2 | Killed Aizul
 39346 | Depths:2 | Found a one-way gate to the infinite horrors of the Abyss.
 39408 | Depths:2 | Reached skill level 19 in Unarmed Combat
 40031 | Depths:2 | Reached XP level 20. HP: 160/160 MP: 18/29
 40070 | Depths:2 | Found a one-way gate leading to the halls of Pandemonium.
 40277 | Depths:2 | Reached skill level 15 in Fighting
 41063 | Depths:2 | Found an ancient bone altar of Kikubaaqudgha.
 41292 | Depths:2 | Found Zarphaco's Slaves and Accessories.
 41359 | Depths:2 | Found The Legendary Qobyahuw's Legendary Smithy.
 41414 | Depths:2 | Found Jack's Jerk-a-riffic Jerky.
 41470 | Depths:2 | Found Yrakloq's Miraculous Elixirs.
 41785 | Depths:3 | Noticed Asterion
 41804 | Depths:3 | Killed Asterion
 42562 | Depths:3 | Gained mutation: You are immune to freezing clouds. [demonic ancestry]
 42562 | Depths:3 | Reached XP level 21. HP: 151/174 MP: 15/30
 42724 | Depths:3 | Reached skill level 20 in Unarmed Combat
 43044 | Depths:3 | Found an ancient bone altar of Kikubaaqudgha.
 43044 | Depths:3 | Noticed an ancient lich
 43044 | Depths:3 | Noticed an ancient lich
 43056 | Depths:3 | Killed an ancient lich
 43064 | Depths:3 | Killed an ancient lich
 43554 | Depths:3 | Gained mutation: You are robust (+10% HP). [potion of beneficial mutation]
 44024 | Depths:3 | Got a slimy brass ring
 44050 | Depths:3 | Identified the ring of Dishonour {SustAb rElec rC+ rN++ Int-5} (You found it on level 3 of the Depths)
 44051 | Depths:3 | Amazing ring, if it wasn't for my Ds Mutations
 44051 | Depths:3 | I'll keep it for the rN++ though
 44078 | Depths:3 | Learned a level 1 spell: Apportation
 44080 | Depths:3 | Learned a level 1 spell: Summon Butterflies
 44084 | Depths:3 | Learned a level 3 spell: Tukima's Dance
 45259 | Depths:4 | Found a runed door.
 45273 | Depths:4 | Found a runed door.
 45397 | Depths:4 | Found a runed door.
 45424 | Depths:4 | Found a runed door.
 45469 | Depths:4 | Got a serpentine golden ring
 45477 | Depths:4 | Identified the ring "Beda Ahe" {Ice MP+9} (You found it on level 4 of the Depths)
 45524 | Depths:4 | Identified the Handbook of Supportive Transformation
 45531 | Depths:4 | Got a jewelled leather armour
 45542 | Depths:4 | Identified the +2 leather armour "Odwocs" {rElec Regen+ Str+3 Int+2} (You found it on level 4 of the Depths)
 45542 | Depths:4 | Great leather armour, but once again - I got rElec already
 45592 | Depths:5 | Entered Level 5 of the Depths
 45654 | Depths:5 | Found a gateway to a ziggurat.
 45874 | Depths:5 | Gained mutation: A powerful demonic guardian rushes to your aid. [demonic ancestry]
 45874 | Depths:5 | Reached XP level 22. HP: 202/202 MP: 22/31
 46070 | Depths:5 | Reached skill level 21 in Unarmed Combat
 46206 | Depths:5 | Learned a level 2 spell: Swiftness
 46210 | Depths:5 | Learned a level 3 spell: Flight
 46381 | Depths:5 | Found a gate to the Realm of Zot.
 46650 | Depths:5 | Should be able to do the snake ghosts, or go crypt
 46650 | Depths:5 | Upgraded the game from 0.17-a0-913-g36eb389 to 0.17-a0-915-g8914353
 47115 | Snake:3  | Killed ImmaFairy's ghost
 47317 | Snake:3  | Noticed Vashnia
 47458 | Snake:3  | Killed Vashnia
 47617 | Snake:3  | Killed namelastname112's ghost
 47701 | Snake:4  | Entered Level 4 of the Snake Pit
 48355 | Snake:4  | Found Runtis Par's General Store.
 49353 | Snake:4  | Got a serpentine rune of Zot
 49862 | Vaults:3 | Reached skill level 22 in Unarmed Combat
 49929 | Crypt:1  | Entered Level 1 of the Crypt
 50093 | Crypt:1  | You fall through a shaft!
 50212 | Crypt:1  | Reached XP level 23. HP: 209/209 MP: 29/32
 50822 | Crypt:2  | Got a crude iron ring
 50824 | Crypt:2  | Identified the ring "Begg" {rElec MR+} (You found it on level 2 of the Crypt)
 51070 | Crypt:3  | Entered Level 3 of the Crypt
 51466 | Crypt:3  | Found an ancient bone altar of Kikubaaqudgha.
 52094 | Crypt:3  | Got a scorched silver amulet
 52096 | Crypt:3  | Identified the amulet "Ygaybb" {Ward rC+ rN+ MP+9 Int-4 Stlth+} (You found it on level 3 of the Crypt)
 52399 | Crypt:3  | Found a staircase to the Tomb.
 52764 | Crypt:3  | Upgraded the game from 0.17-a0-915-g8914353 to 0.17-a0-931-g11a8995
 53024 | Elf:1    | Entered Level 1 of the Elven Halls
 53627 | Elf:1    | Found an ancient bone altar of Kikubaaqudgha.
 54068 | Elf:2    | Reached skill level 23 in Unarmed Combat
 54249 | Elf:3    | Entered Level 3 of the Elven Halls
 54712 | Elf:3    | Gained mutation: When low on magic, you restore magic in place of health. [demonic ancestry]
 54712 | Elf:3    | Reached XP level 24. HP: 216/216 MP: 32/32
 55260 | Elf:3    | Learned a level 3 spell: Regeneration
 55336 | Elf:3    | Noticed Norris
 55374 | Elf:3    | Killed Norris
 55387 | Elf:3    | Killed the ghostly Norris
 55465 | Elf:3    | Got a faintly humming robe
 55478 | Elf:3    | Identified the +1 robe of Perpetual Drought {rC+ MR+} (You took it off a deep elf annihilator on level 3 of the Elven Halls)
 55534 | Elf:3    | Identified the Papyrus of Evil Enchantment
 55563 | Elf:3    | Identified the Handbook of Enthralling Venom
 55816 | Elf:2    | Found a runed gate.
 55816 | Elf:2    | Found a runed gate.
 55818 | Elf:2    | Found a runed gate.
 56592 | Orc:2    | Killed an orc warlord
 56789 | D:13     | Learned a level 2 spell: Cure Poison
 56921 | Depths:2 | Voluntarily entered the Abyss.
 57358 | Abyss:3  | Gained mutation: Your body sometimes deteriorates upon taking damage. [a neqoxec]
 57732 | Abyss:3  | Paralysed by accursed screaming for 1 turns
 57766 | Abyss:3  | Lost strength.
 57807 | Abyss:3  | Haste & Discord!
 57902 | Abyss:3  | Paralysed by accursed screaming for 1 turns
 57907 | Abyss:3  | Paralysed by accursed screaming for 2 turns
 57969 | Abyss:3  | Lost strength.
 58009 | Abyss:3  | Got an abyssal rune of Zot
 58037 | Abyss:3  | Paralysed by accursed screaming for 1 turns
 58045 | Abyss:3  | Paralysed by accursed screaming for 1 turns
 58050 | Abyss:3  | Paralysed by accursed screaming for 1 turns
 58238 | Depths:2 | Escaped the Abyss
 58239 | Depths:2 | Lost mutation: You are robust (+10% HP). [potion of cure mutation]
 58239 | Depths:2 | Lost mutation: You can spit weak poison. [potion of cure mutation]
 58239 | Depths:2 | Lost mutation: Your body sometimes deteriorates upon taking damage. [potion of cure mutation]
 58244 | Depths:2 | Upgraded the game from 0.17-a0-931-g11a8995 to 0.17-a0-945-g601bd79
 58358 | Zot:1    | Entered Level 1 of the Realm of Zot
 58374 | Zot:1    | Noticed Tiamat
 58542 | Zot:1    | Gained mutation: A frigid envelope surrounds you and freezes all who hurt you. [demonic ancestry]
 58542 | Zot:1    | Reached XP level 25. HP: 204/204 MP: 34/34
 58806 | Zot:1    | Reached skill level 15 in Hexes
 59405 | Zot:1    | Killed Tiamat
 60389 | Zot:3    | Noticed an orb of fire
 60395 | Zot:3    | Gained mutation: You occasionally shout uncontrollably at your foes. [an orb of fire]
 60409 | Zot:3    | Gained mutation: Scrolls take you a little longer to read. [an orb of fire]
 60411 | Zot:3    | Gained mutation: Scrolls take you longer to read. [an orb of fire]
 60412 | Zot:3    | Killed an orb of fire
 61795 | Zot:4    | Learned a level 8 spell: Discord
 61880 | Zot:4    | Reached XP level 26. HP: 211/211 MP: 27/36
 62536 | Zot:4    | Identified the Handbook of Augmentations (You found it on level 4 of the Realm of Zot)
 62592 | Zot:5    | Entered Level 5 of the Realm of Zot
 62957 | Zot:5    | Noticed an ancient lich
 63794 | Lair:6   | Found a staircase to the Slime Pits.
 63815 | Slime:1  | Entered Level 1 of the Pits of Slime
 64368 | Slime:4  | Gained mutation: Potions and wands are less effective at restoring your health. [a shining eye]
 64862 | Slime:6  | Entered Level 6 of the Pits of Slime
 64958 | Slime:6  | Found a viscous altar of Jiyva.
 64964 | Slime:6  | Noticed the royal jelly
 64968 | Slime:6  | Killed the royal jelly
 64969 | Slime:6  | Never used Discord before, is it just melee?
 65072 | Slime:6  | Got a clouded bronze amulet
 65074 | Slime:6  | Identified the amulet of Zuol {Gourm rPois MP+9 Str-2 Stlth+} (You found it on level 6 of the Pits of Slime)
 65094 | Slime:6  | Got a shimmering helmet
 65105 | Slime:6  | Identified the +0 helmet "Muxoekh" {rF+ Str+3} (You found it on level 6 of the Pits of Slime)
 65109 | Slime:6  | Got a shimmering gossamer ring
 65247 | Slime:6  | Got a slimy rune of Zot
 65257 | Slime:6  | Identified the ring of Wudwouph {-Tele +Fly rPois Slay+2 SInv} (You found it on level 6 of the Pits of Slime)
 65269 | Slime:6  | Got a translucent bone ring
 65270 | Slime:6  | Identified the ring "Ewusk" {+Fly rF+ MP+9 Dex+2} (You found it on level 6 of the Pits of Slime)
 65417 | Lair:6   | Lost mutation: Scrolls take you longer to read. [potion of cure mutation]
 65417 | Lair:6   | Lost mutation: You are dopey. (Int -2) [potion of cure mutation]
 65417 | Lair:6   | Lost mutation: Scrolls take you a little longer to read. [potion of cure mutation]
 65417 | Lair:6   | Lost mutation: You possess an exceptional clarity of mind. [potion of cure mutation]
 65417 | Lair:6   | Lost mutation: You are agile. (Dex +2) [potion of cure mutation]
 65418 | Lair:6   | Lost mutation: You occasionally shout uncontrollably at your foes. [potion of cure mutation]
 65418 | Lair:6   | Lost mutation: Potions and wands are less effective at restoring your health. [potion of cure mutation]
 65419 | Lair:6   | Gained mutation: You have an increased reservoir of magic (+10% MP). [potion of beneficial mutation]
 65635 | Snake:4  | Bought a potion of cure mutation for 490 gold pieces
 65635 | Snake:4  | Bought a potion of curing for 42 gold pieces
 66037 | Orc:4    | Bought a potion of cure mutation for 490 gold pieces
 66037 | Orc:4    | Bought a potion of magic for 112 gold pieces
 66321 | Vaults:4 | Need to figure out just how Discord works before V:5
 66321 | Vaults:4 | Upgraded the game from 0.17-a0-945-g601bd79 to 0.17-a0-957-ga3519be
 66328 | Vaults:5 | Entered Level 5 of the Vaults
 66333 | Vaults:5 | Reached XP level 27. HP: 203/217 MP: 2/39
 66341 | Vaults:5 | Noticed an ancient lich
 66359 | Vaults:5 | Killed an ancient lich
 66377 | Vaults:5 | Discord = Fun!
 66514 | Vaults:5 | Reached skill level 10 in Spellcasting
 66791 | Vaults:5 | Got a silver rune of Zot
 66800 | Vaults:5 | Got a scintillating brass ring
 66805 | Vaults:5 | Identified the ring of Zinkiruz {rC- Int+6 Stlth-} (You found it on level 5 of the Vaults)
 66813 | Vaults:5 | Identified Iskenderun's Compendium of Confrontation and the Blaze
 66916 | Vaults:5 | Got a pitted platinum ring
 66918 | Vaults:5 | Identified the cursed ring of Liohoall {rF+ rN+ Int-2} (You took it off a frost giant on level 5 of the Vaults)
 66947 | Vaults:5 | Giving up on the blowgun and curare
 67083 | Vaults:5 | Reached skill level 24 in Hexes
 67297 | Vaults:5 | Learned a level 6 spell: Haste
 67387 | Vaults:5 | Got a scorched iron ring
 67389 | Vaults:5 | Identified the ring of Kihops {Fire rElec rN+++ Str-3} (You found it on level 5 of the Vaults)
 68194 | Vaults:5 | Got a brightly glowing ring mail
 68195 | Vaults:5 | Identified the +4 ring mail of Lesser Demons {Int+2} (You found it on level 5 of the Vaults)
 68199 | Vaults:5 | Got a bronze ring mail
 68200 | Vaults:5 | Identified the +5 ring mail of the Ancient Stars {rElec} (You found it on level 5 of the Vaults)
 68208 | Vaults:5 | No rMut, Hell before Pand? Or early Zigg.
 68208 | Vaults:5 | Can wait a little on haste, got plenty of recharge
 68405 | Hell     | Entered the Vestibule of Hell
 68405 | Hell     | Noticed Geryon
 68434 | Hell     | Killed Geryon
 68530 | Hell     | Found a gateway to the Iron City of Dis.
 68641 | Hell     | Noticed MordorOrchid's ghost (great DsGl)
 68668 | Hell     | Killed MordorOrchid's ghost
 68687 | Hell     | Found a gateway to the ashen valley of Gehenna.
 68763 | Hell     | Found a gateway to the decaying netherworld of Tartarus.
 68841 | Hell     | Found a gateway to the freezing wastes of Cocytus.
 69075 | Zig:1    | Entered Level 1 of a ziggurat
 69101 | Zig:2    | Entered Level 2 of a ziggurat
 69107 | Zig:2    | Reached skill level 25 in Hexes
 69127 | Zig:3    | Entered Level 3 of a ziggurat
 69165 | Zig:4    | Entered Level 4 of a ziggurat
 69208 | Zig:4    | Gained mutation: You evolve. [potion of beneficial mutation]
 69234 | Zig:4    | Evoliving... this will be fun
 69235 | Zig:5    | Entered Level 5 of a ziggurat
 69322 | Zig:6    | Entered Level 6 of a ziggurat
 69385 | Zig:6    | Identified the Catalogue of Fascination (You found it on level 6 of a ziggurat)
 69396 | Zig:7    | Entered Level 7 of a ziggurat
 69513 | Zig:8    | Entered Level 8 of a ziggurat
 69637 | Zig:9    | Entered Level 9 of a ziggurat
 69654 | Zig:9    | Noticed an ancient lich
 69675 | Zig:9    | HP: 8/217 [Brimstone Fiend/blast of hellfire[an ancient lich] (34)]
 69966 | Zot:5    | Killed an ancient lich
 70034 | Zot:5    | Noticed an ancient lich
 70039 | Zot:5    | Killed an ancient lich
 70242 | Zot:5    | Noticed an ancient lich
 70297 | Zot:5    | Killed an ancient lich
 70304 | Zot:5    | Noticed an orb of fire
 70317 | Zot:5    | Killed an orb of fire
 70317 | Zot:5    | Reached skill level 26 in Hexes
 70543 | Zot:5    | Learned a level 5 spell: Silence
 70677 | Zot:5    | Noticed an orb of fire
 70690 | Zot:5    | Killed an orb of fire
 71068 | Pan      | Entered Pandemonium
 71373 | Pan      | Found an exit through the horrors of the Abyss.
 72041 | Pan      | Reached skill level 27 in Hexes
 72102 | Pan      | Noticed Rebissy the pandemonium lord
 72120 | Pan      | Killed Rebissy the pandemonium lord
 72303 | Pan      | Noticed Xolicia the pandemonium lord
 72313 | Pan      | Killed Xolicia the pandemonium lord
 72313 | Pan      | Reached skill level 15 in Spellcasting
 72667 | Pan      | Found an exit through the horrors of the Abyss.
 73208 | Pan      | Noticed Nynekhom the pandemonium lord
 73246 | Pan      | Killed Nynekhom the pandemonium lord
 73246 | Pan      | Reached skill level 10 in Charms
 73281 | Pan      | Identified the Collected Works on Dusty Augmentations (You found it in Pandemonium)
 73298 | Pan      | Got a clouded amber ring
 73302 | Pan      | Identified the ring "Umutux" {rF+ rN+} (You found it in Pandemonium)
 73448 | Pan      | Found an exit through the horrors of the Abyss.
 73572 | Pan      | Found an exit through the horrors of the Abyss.
 73734 | Pan      | Gained mutation: You occasionally shout uncontrollably at your foes. [a cacodemon]
 73940 | Pan      | Noticed Woize the pandemonium lord
 73968 | Pan      | Killed Woize the pandemonium lord
 74327 | Pan      | Noticed Paukhluam the pandemonium lord
 74354 | Pan      | Killed Paukhluam the pandemonium lord
 74541 | Pan      | Found an exit through the horrors of the Abyss.
 74950 | Pan      | Noticed Pyugit the pandemonium lord
 74967 | Pan      | Killed Pyugit the pandemonium lord
 74975 | Pan      | Reached skill level 5 in Armour
 75298 | Pan      | Gained mutation: You can breathe flames. [evolution]
 75501 | Pan      | Found an exit through the horrors of the Abyss.
 75798 | Pan      | Found an exit through the horrors of the Abyss.
 75811 | Pan      | Noticed Diuxacsu the pandemonium lord
 75841 | Pan      | Killed Diuxacsu the pandemonium lord
 76191 | Pan      | Entered the realm of Gloorx Vloq.
 76315 | Pan      | Found an exit through the horrors of the Abyss.
 76615 | Pan      | Found a gateway to a ziggurat.
 76624 | Pan      | Zigg! :D
 76748 | Pan      | Reached skill level 10 in Armour
 76944 | Pan      | Curse skulls? oO welp.
 77032 | Pan      | Noticed Gloorx Vloq
 77056 | Pan      | Killed Gloorx Vloq
 77078 | Pan      | Got a dark rune of Zot
 77236 | Zig:1    | Entered Level 1 of a ziggurat
 77260 | Zig:2    | Entered Level 2 of a ziggurat
 77297 | Zig:3    | Entered Level 3 of a ziggurat
 77346 | Zig:4    | Entered Level 4 of a ziggurat
 77386 | Zig:5    | Entered Level 5 of a ziggurat
 77439 | Zig:5    | Gained mutation: Your spells are a little harder to cast, but a little more powerful. [potion of beneficial mutation]
 77481 | Zig:6    | Entered Level 6 of a ziggurat
 77547 | Zig:6    | Got a vibrating lapis lazuli ring
 77551 | Zig:6    | Identified the ring "Lapua" {rElec rN+ Int+2} (You found it on level 6 of a ziggurat)
 77568 | Zig:6    | Drew Focus: Dex increased to 24, Str decreased to 7
 77593 | Zig:7    | Entered Level 7 of a ziggurat
 77639 | Zig:7    | Identified the Collected Works on Aerial Protection
 77649 | Zig:8    | Entered Level 8 of a ziggurat
 77655 | Zig:8    | Noticed Qouqam the pandemonium lord
 77661 | Zig:8    | Noticed Gaurghua the pandemonium lord
 77673 | Zig:8    | Killed Gaurghua the pandemonium lord
 77677 | Zig:8    | Killed Qouqam the pandemonium lord
 77902 | Zig:9    | Entered Level 9 of a ziggurat
 77936 | Zig:9    | Paralysed by accursed screaming for 1 turns
 77976 | Zig:9    | Identified the Almanac of Freezing Enchantment
 77981 | Zig:9    | Got a sparkling silver ring
 77983 | Zig:9    | Got a faintly humming helmet
 78001 | Zig:9    | Identified the +0 helmet of Pragmatism {rC+ Str+3} (You found it on level 9 of a ziggurat)
 78014 | Zig:9    | Identified the ring "Odawni" {Ice +Inv Str+8 SInv} (You found it on level 9 of a ziggurat)
 78048 | Zig:10   | Entered Level 10 of a ziggurat
 78198 | Zig:11   | Entered Level 11 of a ziggurat
 78218 | Zig:11   | Noticed an ancient lich
 78221 | Zig:11   | Noticed an ancient lich
 78251 | Zig:11   | Killed an ancient lich
 78262 | Zig:11   | HP: 2/222 [ancient lich/crystal spear (70)]
 78262 | Zig:11   | Slain by an eidolon

Action                   |  1- 3 |  4- 6 |  7- 9 | 10-12 | 13-15 | 16-18 | 19-21 | 22-24 | 25-27 || total
-------------------------+-------+-------+-------+-------+-------+-------+-------+-------+-------++-------
Melee: Unarmed           |    60 |   200 |   521 |   871 |  2973 |  2260 |  2494 |  3136 |  4762 || 17277
 Fire: Blowgun           |       |       |       |    16 |    14 |     6 |     2 |       |       ||    38
Throw: Javelin           |       |     1 |     9 |    11 |       |       |       |       |       ||    21
 Cast: Freeze            |    50 |    38 |     7 |       |    21 |       |       |       |       ||   116
       Throw Frost       |     3 |     1 |     2 |       |       |       |       |       |       ||     6
       Ozocubu's Armour  |       |     3 |    39 |    54 |   132 |   115 |   129 |   130 |   201 ||   803
       Repel Missiles    |       |       |     1 |     2 |     4 |    10 |    10 |    17 |    19 ||    63
       Slow              |       |       |       |     3 |       |       |       |       |       ||     3
       Condensation Shie |       |       |       |       |       |     3 |       |       |       ||     3
       Metabolic Englaci |       |       |       |       |       |    28 |    51 |    38 |    76 ||   193
       Tukima's Dance    |       |       |       |       |       |       |       |    23 |       ||    23
       Regeneration      |       |       |       |       |       |       |       |     1 |    66 ||    67
       Cure Poison       |       |       |       |       |       |       |       |       |    24 ||    24
       Invisibility      |       |       |       |       |       |       |       |       |     6 ||     6
       Discord           |       |       |       |       |       |       |       |       |    37 ||    37
       Control Teleport  |       |       |       |       |       |       |       |       |     3 ||     3
       Haste             |       |       |       |       |       |       |       |       |     9 ||     9
       Flight            |       |       |       |       |       |       |       |       |     2 ||     2
Invok: Lesser Servant of |       |       |       |     3 |     6 |     2 |     2 |       |     6 ||    19
       Major Destruction |       |       |       |       |       |    11 |     4 |     3 |     4 ||    22
       Greater Servant o |       |       |       |       |       |     6 |     5 |    10 |    13 ||    34
       Minor Destruction |       |       |       |       |       |       |     3 |    31 |    13 ||    47
Evoke: Lamp of fire      |       |       |       |     1 |       |       |       |       |       ||     1
       Wand              |       |       |       |     5 |     3 |    13 |     5 |     8 |     9 ||    43
       Rod               |       |       |       |     2 |     5 |       |       |       |       ||     7
       Deck              |       |       |       |       |       |     3 |       |     1 |     5 ||     9
       Horn of Geryon    |       |       |       |       |       |       |       |       |     1 ||     1
  Use: Scroll            |       |     8 |     1 |    21 |    22 |    21 |    10 |    10 |    22 ||   115
       Potion            |       |     1 |     6 |     6 |     5 |    11 |     7 |     8 |    16 ||    60
 Stab: Sleeping          |       |     3 |     5 |     4 |    16 |     7 |     3 |     2 |     6 ||    46
       Distracted        |       |       |     2 |    13 |     7 |    12 |    11 |    13 |    29 ||    87
       Confused          |       |       |       |       |     2 |       |       |       |     1 ||     3
       Invisible         |       |       |       |       |       |     7 |       |       |    46 ||    53
       Held in net/web   |       |       |       |       |       |       |       |     1 |       ||     1
  Eat: Chunk             |     4 |     9 |    17 |    23 |    65 |    54 |    44 |    31 |    70 ||   317
       Beef jerky        |       |       |     1 |       |       |     8 |     2 |     5 |     5 ||    21
       Fruit             |       |       |     2 |     2 |       |     1 |     3 |     1 |    14 ||    23
       Pizza             |       |       |       |       |     5 |     4 |     3 |     5 |     4 ||    21
       Bread ration      |       |       |       |       |       |     1 |     1 |     6 |     4 ||    12
       Royal jelly       |       |       |       |       |       |       |       |       |     7 ||     7
